 Dungeon Crawl Stone Soup version 0.19.5 (webtiles) character file.

294 sveltemanboy the Bolt Thrower (level 6, -2/30 HPs)
             Began as a Vine Stalker Hunter on Mar 2, 2017.
             Was an Initiate of Okawaru.
             Slain by an ogre
             ... wielding a +0 giant club
              (21 damage)
             ... on level 4 of the Dungeon.
             The game lasted 00:07:24 (2363 turns).

sveltemanboy the Bolt Thrower (Vine Stalker Hunter) Turns: 2363, Time: 00:07:25

Health: -2/30      AC:  7    Str: 17    XL:     6   Next: 34%
Magic:  0/8        EV: 12    Int: 11    God:    Okawaru [......]
Gold:   86         SH:  0    Dex: 14    Spells: 0 memorised, 5 levels left

rFire  . . .     SeeInvis .     a - +1 hand crossbow
rCold  . . .     Gourm    .     e - +0 ring mail
rNeg   . . .     Faith    .     (no shield)
rPois  .         Spirit   +     (no helmet)
rElec  .         Reflect  .     v - +0 cloak
rCorr  .         Harm     .     z - +0 pair of gloves
MR     .....                    (no boots)
Stlth  +.........               (no amulet)
                                (no ring)
                                (no ring)

@: no status effects
A: fangs 2, regeneration 1, magic shield, antimagic bite, no device heal 3, rot
immunity
a: Renounce Religion


You were on level 4 of the Dungeon.
You worshipped Okawaru.
Okawaru was noncommittal.
You were not hungry.

You visited 1 branch of the dungeon, and saw 4 of its levels.

You collected 86 gold pieces.

Inventory:

Hand Weapons
 a - a +1 hand crossbow (weapon)
 b - a +0 short sword
Missiles
 d - 20 bolts (quivered)
Armour
 e - a +0 ring mail (worn)
 v - a +0 cloak (worn)
 z - a +0 pair of gloves (worn)
Wands
 t - a wand of paralysis (9/24)
Scrolls
 c - 3 scrolls of identify {unknown}
 g - 2 scrolls of amnesia {unknown}
 i - 3 scrolls of enchant armour {unknown}
 o - a scroll of blinking {unknown}
 p - a scroll of noise {unknown}
 q - 3 scrolls of remove curse {unknown}
 s - a scroll of fear {unknown}
 y - a scroll of magic mapping {unknown}
 A - a scroll of enchant weapon {unknown}
Potions
 h - 3 potions of cancellation {unknown}
 l - a potion of invisibility {unknown}
 m - a potion of curing {unknown}
 r - a potion of experience {unknown}
 u - a potion of agility {unknown}
 w - a potion of haste {unknown}
Comestibles
 f - 4 bread rations
 j - 3 meat rations
 k - 2 beef jerkies
 n - a chunk of flesh
 x - a royal jelly


   Skills:
 - Level 2.0 Fighting
 - Level 4.0 Crossbows
 + Level 2.6 Armour
 + Level 3.3 Dodging
 - Level 1.2 Stealth
 + Level 2.5 Invocations


You had 5 spell levels left.
You didn't know any spells.

Dungeon Overview and Level Annotations

Branches:
Dungeon (4/15)
 Temple: D:4-7

Altars:
Ashenzari
Cheibriados
Okawaru
Trog


Innate Abilities, Weirdness & Mutations

You have extremely sharp teeth.
Your natural rate of healing is unusually fast.
When hurt, damage is shared between your health and your magic reserves.
Your bite disrupts and absorbs the magic of your enemies.
Potions and wands cannot restore your health.
You are immune to rotting.


Message History

Press: ? - help, Shift-Dir - straight line, f - ogre
Aim: an ogre, wielding a giant club You shoot a bolt.
The bolt hits the ogre.
The ogre is moderately wounded.
The ogre barely misses you.
Firing (i - inventory):
d - 22 bolts (quivered)
Press: ? - help, Shift-Dir - straight line, f/p - ogre
Aim: an ogre, wielding a giant club (moderately wounded)
You shoot a bolt.
The bolt hits the ogre but does no damage.
The ogre is moderately wounded.
The adder bites you. The ogre hits you with a giant club!
Firing (i - inventory):
d - 21 bolts (quivered)
Press: ? - help, Shift-Dir - straight line, f/p - ogre
Aim: an ogre, wielding a giant club (moderately wounded)
You shoot a bolt. The bolt hits the ogre.
The ogre is heavily wounded.
The adder bites you. The ogre hits you with a giant club!!
Ouch! That really hurt!
You die...

#.# #.# #.#
##.##
######...##
#.........#
#....S.#
#O@.#
#.........+
#......####
#.##...# #
#...# #...#
....# #.###


You could see an ogre and an adder.

Vanquished Creatures
  An ogre (D:3)
  A scorpion (D:3)
  An orc wizard (D:3)
  6 adders
  An ooze (D:2)
  A dart slug (D:1)
  A worm (D:2)
  2 leopard geckos
  4 orcs (D:3)
  2 giant cockroaches
  8 goblins
  14 hobgoblins
  2 quokkas
  6 bats
  3 frilled lizards
  10 kobolds
  10 rats
73 creatures vanquished.

Notes
Turn   | Place    | Note
-------+----------+-------------------------------------------
     0 | D:1      | sveltemanboy the Vine Stalker Hunter began the quest for the Orb.
     0 | D:1      | Reached XP level 1. HP: 11/11 MP: 2/2
    79 | D:1      | Reached XP level 2. HP: 12/15 MP: 1/3
   536 | D:1      | Reached XP level 3. HP: 18/18 MP: 4/4
   705 | D:1      | Reached skill level 1 in Armour
   915 | D:2      | Reached skill level 4 in Crossbows
   945 | D:2      | Found a shattered altar of Ashenzari.
  1094 | D:2      | Gained mutation: Your natural rate of healing is unusually fast. [Vine Stalker growth]
  1094 | D:2      | Reached XP level 4. HP: 22/23 MP: 5/5
  1186 | D:2      | Found a snail-covered altar of Cheibriados.
  1255 | D:2      | Found an iron altar of Okawaru.
  1258 | D:2      | Became a worshipper of Warmaster Okawaru
  1729 | D:3      | Noticed an ogre
  1794 | D:3      | Killed an ogre
  1794 | D:3      | Reached skill level 1 in Invocations
  1794 | D:3      | Reached XP level 5. HP: 25/26 MP: 5/7
  2006 | D:3      | Found a bloodstained altar of Trog.
  2072 | D:3      | Reached XP level 6. HP: 30/30 MP: 6/8
  2363 | D:4      | Slain by an ogre

Skill      XL: |  1  2  3  4  5 |
---------------+----------------+-----
Fighting       | 2 |  2.0
Dodging        | 2 3 |  3.3
Armour         | 1 2 |  2.6
Crossbows      | 4 |  4.0
Invocations    | 1 2 |  2.5
Stealth        | |  1.2

Action                   |  1- 3 |  4- 6 || total
-------------------------+-------+-------++-------
Melee: Short sword       |    45 |    86 ||   131
       Bite              |     9 |    25 ||    34
 Fire: Hand crossbow     |    52 |    27 ||    79
Evoke: Wand              |       |     1 ||     1
 Stab: Paralysed         |       |     6 ||     6
  Eat: Chunk             |     1 |     4 ||     5
Armor: Ring mail         |    15 |    37 ||    52
Dodge: Dodged            |    36 |    79 ||   115
